 Dungeon Crawl Stone Soup version 0.31-a0-152-g6aa68a64a1 (webtiles) character file.

Game seed: 15368581523375159400

51 jasper the Caller (level 3, 0/19 HPs)
             Began as a Deep Elf Summoner on June 9, 2023.
             Slain by an orc
             ... wielding a +0 hand axe
              (5 damage)
             ... on level 3 of the Dungeon.
             The game lasted 00:02:31 (1606 turns).

jasper the Caller (Deep Elf Summoner)               Turns: 1606, Time: 00:02:32

Health: 0/19       AC:  4    Str:  5    XL:     3   Next: 57%
Magic:  8/10       EV: 12    Int: 21    God:
Gold:   83         SH:  0    Dex: 15    Spells: 0/10 levels left

rFire   . . .        c - +1 trident
rCold   . . .        (no shield)
rNeg    . . .        a - +0 robe
rPois   .            (no helmet)
rElec   .            i - +0 cloak
rCorr   .            o - +0 pair of gloves
SInv    .            (no boots)
Will    .....        (no amulet)
Stlth   ++           (no ring)
HPRegen 0.23/turn    (no ring)
MPRegen 0.12/turn

%: no passive effects
@: no status effects
A: no striking features
a: no special abilities


You were on level 3 of the Dungeon.
You visited 1 branch of the dungeon, and saw 3 of its levels.

You collected 83 gold pieces.

Inventory:

Hand Weapons
 c - a +1 trident (weapon)
 f - a +0 dagger
Armour
 a - a +0 robe (worn)
 i - a +0 cloak (worn)
 o - a +0 pair of gloves (worn)
Jewellery
 l - an amulet of magic regeneration
Scrolls
 m - a scroll of identify
Potions
 b - a potion of magic
 d - a potion of haste
 e - a potion of curing
 g - a potion of brilliance {unknown}
 h - a potion of enlightenment {unknown}
 j - a potion of heal wounds {unknown}
 k - a potion of attraction {unknown}


   Skills:
 - Level 2.4 Dodging
 - Level 2.4 Stealth
 + Level 4.4 Spellcasting
 + Level 5.2 Summonings


You couldn't memorise any spells.
You knew the following spells:

 Your Spells              Type           Power      Damage    Failure   Level
a - Summon Small Mammal   Summ           100%       N/A       1%          1
b - Call Imp              Summ           52%        N/A       1%          2
c - Call Canine Familiar  Summ           26%        N/A       4%          3
d - Apportation           Tloc           8%         N/A       12%         1
e - Summon Guardian Gole  Hex/Summ       15%        N/A       12%         3

Your spell library contained the following spells:

 Spells                   Type           Power      Damage    Failure   Level
 Summon Lightning Spire   Summ/Air       15%        N/A       36%         4
 Alistair's Intoxication  Tmut/Pois      2%         N/A       97%         5


Dungeon Overview and Level Annotations

Branches:
Dungeon (3/15)

Altars:
Dithmenos


Message History

You puncture the frilled lizard!
You kill the frilled lizard!
You swap places. 3 orcs come into view.
Found a shadowy altar of Dithmenos.
MP restored: 10
There are monsters nearby!
Casting: Call Imp (safe; 1% risk of failure)
Press: ? - help, Q - select action, (/) - cycle Dir - look around, f - activate A tiny devil pulls itself out of the air.
Your cerulean imp says, "I'm here!"
The orc shouts! x3
Your cerulean imp disappears in a puff of smoke!
You now have 8/10 mp.
You closely miss the orc.
Your cerulean imp hits the orc but does no damage.
You barely miss the orc. The orc closely misses you. The orc barely misses you.
Your cerulean imp closely misses the orc.
The orc closely misses you. The orc barely misses you.
You barely miss the orc.
Your cerulean imp hits the orc with a -2 spear.
The orc hits you with a +0 club.
The orc closely misses your cerulean imp.
The orc closely misses you.
You take 4 damage, and have 15/19 hp.
MASSIVE DAMAGE!!
You hit the orc.
The orc is almost dead.
Your cerulean imp closely misses the orc.
The orc barely misses you. The orc hits you with a +0 hand axe.
The orc misses your cerulean imp.
Your cerulean imp hits the orc but does no damage.
You take 4 damage, and have 11/19 hp.
MASSIVE DAMAGE!!
You closely miss the orc.
The orc is heavily wounded.
The orc hits your cerulean imp with a +0 mace.
The orc misses you. The orc hits you with a +0 hand axe.
* * * LOW HITPOINT WARNING * * *
Your cerulean imp barely misses the orc.
The orc hits you with a +0 hand axe.
You die...

#. #. ≈ #. ≈≈ #.
≈≈_ #.####.≈≈≈
#####.o.....≈≈
#....5oo......
#####@# ##.....#
#......# #......#
#####...##.######
#.......#.......#
#.......#.......#
#.......#.......#
#####...#.......#


You could see 3 orcs and a friendly cerulean imp (summoned).

Vanquished Creatures
  A worm (D:2)
  A bat (D:1)
  An endoplasm (D:1)
  A giant cockroach (D:2)
  A ball python (D:2)
  A frilled lizard (D:3)
  2 kobolds
8 creatures vanquished.

Vanquished Creatures (collateral kills)
  A dart slug (D:1)
  An orc (D:3)
  5 bats
  2 endoplasms (D:2)
  A giant cockroach (D:2)
  A goblin (D:2)
  4 hobgoblins
  2 kobolds
  4 quokkas
  6 ball pythons
  3 frilled lizards
  4 rats
34 creatures vanquished.

Grand Total: 42 creatures vanquished

Notes
Turn   | Place    | Note
-------+----------+-------------------------------------------
     0 | D:1      | jasper the Deep Elf Summoner began the quest for the Orb.
     0 | D:1      | Reached XP level 1. HP: 10/10 MP: 6/6
   156 | D:1      | Found a faded altar of an unknown god.
   222 | D:1      | Reached XP level 2. HP: 15/15 MP: 4/8
   225 | D:1      | Learned a level 2 spell: Call Imp
   894 | D:2      | Reached skill level 5 in Summonings
   894 | D:2      | Reached XP level 3. HP: 18/19 MP: 8/10
   898 | D:2      | Learned a level 3 spell: Call Canine Familiar
   900 | D:2      | Learned a level 1 spell: Apportation
   904 | D:2      | Learned a level 3 spell: Summon Guardian Golem
  1600 | D:3      | Found a shadowy altar of Dithmenos.
  1606 | D:3      | Slain by an orc

Illustrated notes

Levels and vault maps discovered:
D:1:      lightli_arrival_lavapool, layout_basic,
          shapermc_ecumenical_altar_mp_ritualfount
D:2:      layout_rooms
D:3:      layout_basic, mainiacjoe_overflow_catwalk, nicolae_overflow_squiral,
          serial_shops, nicolae_shop_statue_plus

Skill      XL: |  1  2 |
---------------+-------+-----
Spellcasting   | 4 |  4.4
Summonings     | 5 |  5.2
Dodging        | |  2.4
Stealth        | |  2.4

Action                     || total
---------------------------++-------
  Melee: Dagger            ||     8
         Trident           ||    18
         Unarmed           ||     1
         Punch             ||     1
   Cast: Summon Small Mamm ||    14
         Call Imp          ||    20
    Use: Scroll            ||     6
   Stab: Sleeping          ||     2
 Armour: Robe              ||    11
  Dodge: Dodged            ||    30

Table legend: (Time is in decaauts)
 A = Elapsed time spent in this place.
 B = Non-inter-level travel time spent in this place.
 C = Inter-level travel time spent in this place.
 D = Time resting spent in this place.
 E = Time spent auto-exploring this place.
 F = Levels seen in this place.
 G = Mean time per level.
                   A        B        C        D        E       F      G
               +--------+--------+--------+--------+--------+-----+--------+
         Total |   1609 |   1505 |    104 |      0 |   1146 |   3 |  536.3 |
       Dungeon |   1609 |   1505 |    104 |      0 |   1146 |   3 |  536.3 |
               +--------+--------+--------+--------+--------+-----+--------+

Top non-repeatable levels by time:
     D:1: 869 daAuts
     D:2: 608 daAuts
     D:3: 131 daAuts
